 Dungeon Crawl Stone Soup version 0.26.1-11-gd32895ea62 (webtiles) character file.

Game seed: 7576496798846828133

1780 MisterFreud the Grappler (level 8, -1/70 (75) HPs)
             Began as a Troll Monk on June 10, 2021.
             Slain by a troll (6 damage)
             ... on level 7 of the Dungeon.
             The game lasted 00:06:21 (5221 turns).

MisterFreud the Grappler (Troll Monk)               Turns: 5221, Time: 00:06:21

HP:   -1/70 (75)    AC:  7    Str: 20    XL:     8   Next: 81%
MP:   7/7           EV: 10    Int:  6    God:
Gold: 80            SH: 10    Dex: 14    Spells: 7/7 levels left

rFire    + . .     SeeInvis .     - Unarmed
rCold    + . .     Faith    .   t - +0 kite shield
rNeg     . . .     Spirit   .   a - +0 robe
rPois    .         Reflect  .   (helmet restricted)
rElec    .         Harm     .   q - +0 cloak
rCorr    .         Rampage  .   (gloves unavailable)
Will     .....                  (boots unavailable)
Stlth    ++........             (no amulet)
HPRegen  0.61/turn              o - ring of protection from fire
MPRegen  0.10/turn              v - ring of protection from cold

@: mighty, drained
A: large, unfitting armour, claws 3, regeneration 1, shaggy fur 1, tough skin 3
a: no special abilities


You were on level 7 of the Dungeon.
You visited 2 branches of the dungeon, and saw 8 of its levels.

You collected 295 gold pieces.
You spent 215 gold pieces at shops.

Inventory:

Missiles
 c - 3 silver boomerangs
 m - a throwing net (quivered)
 r - 6 large rocks
Armour
 a - a +0 robe (worn)
 q - a +0 cloak (worn)
 t - a +0 kite shield (worn)
Jewellery
 o - a ring of protection from fire (left claw)
 v - a ring of protection from cold (right claw)
 A - a cursed ring of attention {unknown}
Wands
 z - a wand of iceblast (8)
Scrolls
 d - 5 scrolls of remove curse {unknown}
 f - a scroll of noise {unknown}
 i - 7 scrolls of teleportation
 k - a scroll of fog {unknown}
 n - a scroll of blinking {unknown}
 u - 3 scrolls of magic mapping
 w - 2 scrolls of fear
 y - 2 scrolls of identify
Potions
 b - a potion of might
 e - 2 potions of haste
 g - a potion of flight
 h - a potion of degeneration
 j - a potion of attraction
 p - a potion of resistance
 s - a potion of brilliance
 x - a potion of curing {unknown}


   Skills:
 + Level 3.1 Fighting
 - Level 4.0 Throwing
 + Level 3.0 Dodging
 - Level 1.0 Stealth
 + Level 5.3 Shields
 - Level 8.0 Unarmed Combat


You had 7 spell levels left.
You didn't know any spells.
Your spell library contained the following spells:

 Spells                   Type           Power        Failure   Level
 Animate Skeleton         Necr           0%           71%         1
 Apportation              Tloc           0%           71%         1
 Beastly Appendage        Tmut           0%           71%         1
 Corona                   Hex            0%           71%         1
 Summon Small Mammal      Summ           0%           71%         1
 Call Imp                 Summ           0%           85%         2
 Wereblood                Tmut           0%           85%         2
 Call Canine Familiar     Summ           0%           97%         3
 Spider Form              Tmut/Pois      0%           97%         3
 Summon Guardian Golem    Hex/Summ       0%           97%         3
 Ice Form                 Ice/Tmut       0%           100%        4
 Summon Ice Beast         Ice/Summ       0%           100%        4
 Summon Lightning Spire   Summ/Air       0%           100%        4
 Blade Hands              Tmut           0%           100%        5


Dungeon Overview and Level Annotations

Branches:
Dungeon (7/15)             Temple (1/1) D:6

Altars:
Cheibriados
Dithmenos
Elyvilon
Gozag
Okawaru
Ru
Trog
Vehumet
Wu Jian
Zin
The Shining One

Shops:
D:5 ?


Innate Abilities, Weirdness & Mutations

You are too large for most types of armour.
You have claws for hands.
Your natural rate of healing is unusually fast.
You are covered in fur. (AC +1)
You have extremely tough skin. (AC +3)


Message History

You block the troll's attack.
Unknown command.
Unknown command.
Unknown command.
You feel much better. You block the wight's attack.
You block the cyclops's attack. The troll completely misses you.
The troll claws you. The troll claws you but does no damage.
You feel very mighty all of a sudden. You block the wight's attack.
You block the cyclops's attack. The troll misses you. The troll claws you!
* * * LOW HITPOINT WARNING * * *
The troll claws you.
* * * LOW HITPOINT WARNING * * *
Unknown command.
You claw the cyclops!
The cyclops is moderately wounded.
The wight closely misses you. The troll barely misses you. The troll claws you!
* * * LOW HITPOINT WARNING * * *
The troll claws you.
You die...

#.# #.# #.#.#
..=.. #h#.#
#T#z# #.#C#
#.#@# #.#T#
..#.# #h## ...#
##.## ...#
#.#.###...#
#.#.#.##..#
#.#.#..#..######
#.#.#..#.......#
#.#.#.#........#


You could see a cyclops, a troll, a hound and a wight.

Vanquished Creatures
  Grinder (D:3)
  Edmund (D:6)
  A sky beast (D:5)
  An ice beast (D:7)
  An orc warrior (D:6)
  An ogre (D:5)
  A necrophage (D:4)
  2 centaurs (D:6)
  3 scorpions
  2 howler monkeys (D:5)
  A centaur zombie (D:6)
  A hound (D:6)
  5 orc wizards
  A bullfrog skeleton (D:5)
  An orc priest (D:3)
  An iguana (D:6)
  3 worker ants
  A hound skeleton (D:4)
  13 adders
  A river rat (D:5)
  A shadow imp (D:5)
  An ufetubus (D:7)
  An ooze (D:6)
  An adder skeleton (D:4)
  7 worms
  A dart slug (D:4)
  7 leopard geckos
  15 orcs
  4 ball pythons
  2 giant cockroaches
  10 goblins
  9 hobgoblins
  8 jackals
  12 kobolds
  5 quokkas
  5 bats
  5 frilled lizards
  A giant cockroach zombie (D:5)
  3 rats
140 creatures vanquished.

Vanquished Creatures (others)
  A wizard (D:6)
1 creature vanquished.

Grand Total: 141 creatures vanquished

Notes
Turn   | Place    | Note
-------+----------+-------------------------------------------
     0 | D:1      | MisterFreud the Troll Monk began the quest for the Orb.
     0 | D:1      | Reached XP level 1. HP: 22/22 MP: 0/0
   302 | D:1      | Reached XP level 2. HP: 29/29 MP: 1/1
   911 | D:2      | Reached skill level 4 in Unarmed Combat
   963 | D:2      | Reached XP level 3. HP: 36/36 MP: 2/2
  1156 | D:2      | Reached XP level 4. HP: 36/44 MP: 3/3
  1408 | D:2      | Found a shadowy altar of Dithmenos.
  1458 | D:2      | Reached skill level 5 in Unarmed Combat
  1654 | D:3      | Found a sacrificial altar of Ru.
  1691 | D:3      | Reached skill level 1 in Throwing
  1812 | D:3      | Reached XP level 5. HP: 43/50 MP: 4/4
  2065 | D:3      | Noticed Grinder
  2075 | D:3      | Killed Grinder
  2076 | D:3      | Reached skill level 6 in Unarmed Combat
  2076 | D:3      | Reached XP level 6. HP: 39/59 MP: 5/5
  2822 | D:5      | Entered Level 5 of the Dungeon
  2832 | D:5      | Reached XP level 7. HP: 58/66 MP: 6/6
  3107 | D:4      | Reached skill level 7 in Unarmed Combat
  3176 | D:4      | Found a radiant altar of Vehumet.
  3262 | D:4      | Reached skill level 1 in Shields
  3424 | D:5      | Found an iron altar of Okawaru.
  3613 | D:5      | Found Umonol's Magic Scroll Emporium.
  3630 | D:5      | Bought a scroll of teleportation for 30 gold pieces
  3630 | D:5      | Bought a scroll of identify for 20 gold pieces
  3630 | D:5      | Bought a scroll of fear for 35 gold pieces
  3630 | D:5      | Bought a scroll of magic mapping for 35 gold pieces
  3630 | D:5      | Bought a scroll of fear for 35 gold pieces
  3630 | D:5      | Bought a scroll of teleportation for 30 gold pieces
  3630 | D:5      | Bought a scroll of teleportation for 30 gold pieces
  3883 | D:5      | Found a snail-covered altar of Cheibriados.
  3950 | D:6      | Reached XP level 8. HP: 48/74 MP: 7/7
  3960 | D:5      | Reached skill level 8 in Unarmed Combat
  4107 | D:6      | Found a glowing silver altar of Zin.
  4139 | D:6      | Found a white marble altar of Elyvilon.
  4484 | D:6      | Found an opulent altar of Gozag.
  4700 | D:6      | Reached skill level 5 in Shields
  4708 | D:6      | Found a bloodstained altar of Trog.
  4709 | D:6      | Noticed a wizard
  4714 | D:6      | Killed a wizard
  4752 | D:6      | Found a glowing golden altar of the Shining One.
  4797 | D:6      | Found an ornate altar of the Wu Jian Council.
  4884 | D:6      | Noticed Edmund
  4898 | D:6      | Killed Edmund
  4954 | D:6      | Found a staircase to the Ecumenical Temple.
  5096 | Temple   | Entered the Ecumenical Temple
  5210 | D:7      | Noticed a cyclops
  5210 | D:7      | Noticed a troll
  5221 | D:7      | Slain by a troll

Illustrated notes

Levels and vault maps discovered:
D:1:      dpeg_arrival_arbitrary_a, layout_basic, serial_forest,
          infiniplex_forest_straight_2, infiniplex_forest_lined_corner,
          infiniplex_forest_clump_C, infiniplex_forest_diagonal,
          infiniplex_forest_lined_corner
D:2:      layout_loops_ring, grunt_dithmenos_smoke
D:3:      layout_loops_ring, serial_aquarium, aquarium_bridge_straight
          [aquarium_subvault_bridge, aquarium_subvault_window,
          aquarium_subvault_bridge, aquarium_subvault_wall],
          aquarium_bridge_square [aquarium_subvault_bridge,
          aquarium_subvault_window, aquarium_subvault_bridge,
          aquarium_subvault_wall], aquarium_window_fake, aquarium_window_2,
          aquarium_view_2g, amethyst_killhole, nicolae_ru_awakened_eye,
          uniq_grinder
D:4:      layout_basic, lemuel_coloured_pillars_altar, sigmund_army
D:5:      layout_rooms, cheibrodos_worm_habitat, kennysheep_mini,
          gup_sewer_entry_spiral, serial_shops, shop
D:6:      layout_cave_pods, tso_oasis_becter, nicolae_overflow_crystal_walls,
          old_standard_altar, kennysheep_mini_moat,
          nicolae_overflow_hidden_temple, minmay_temple_entry_metal_lava,
          trog_wizard, uniq_edmund
D:7:      minmay_the_grid_octo_2x2 [minmay_the_grid_octo_toaster,
          minmay_the_grid_octo_teeth, minmay_the_grid_octo_vomiting_pacman,
          minmay_the_grid_octo_prize_star], layout_basic, lemuel_crystal_altar,
          general_overflow_altar, minmay_holes
Temple:   jpeg_temple_alley_garden

Skill      XL: |  1  2  3  4  5  6  7  8 |
---------------+-------------------------+-----
Unarmed Combat | 4 5 6 7 8 |  8.0
Throwing       | 2 3 4 |  4.0
Shields        | 2 5 |  5.3
Fighting       | 3 |  3.1
Dodging        | 3 |  3.0
Stealth        | |  1.0

Action                   |  1- 3 |  4- 6 |  7- 9 || total
-------------------------+-------+-------+-------++-------
Melee: Unarmed           |    62 |   139 |   197 ||   398
       Punch             |       |       |     2 ||     2
  Use: Scroll            |       |       |     8 ||     8
       Potion            |       |       |     2 ||     2
 Stab: Sleeping          |     1 |     5 |     1 ||     7
Armor: Robe              |    23 |    33 |    61 ||   117
Dodge: Dodged            |    28 |    45 |    82 ||   155
Block: Kite shield       |       |       |    71 ||    71
